 Dungeon Crawl Stone Soup version 0.29.1-12-g30fa7ad0bf (webtiles) character file.

Game seed: 10651686143273696896

1 suuiika the Grave Robber (level 1, -1/7 HPs)
             Began as a Felid Necromancer on Dec 19, 2022.
             Slain by a hobgoblin (2 damage)
             ... on level 1 of the Dungeon.
             The game lasted 00:03:49 (39 turns).

suuiika the Grave Robber (Felid Necromancer)          Turns: 39, Time: 00:03:49

Health: -1/7       AC:  1    Str:  4    XL:     1   Next: 16%
Magic:  2/4        EV: 17    Int: 16    God:
Gold:   0          SH:  0    Dex: 16    Spells: 3/4 levels left
                                        Lives:  0   Deaths: 0

rFire   . . .      SeeInvis +   (weapon unavailable)
rCold   . . .      Faith    .   (shield unavailable)
rNeg    . . .      Spirit   .   (body armour unavailable)
rPois   .          Reflect  .   (helmet unavailable)
rElec   .          Harm     .   (cloak unavailable)
rCorr   .          Rampage  .   (gloves unavailable)
Will    .....                   (boots unavailable)
Stlth   ++........              (no amulet)
HPRegen 0.02/turn               (no ring)
MPRegen 0.09/turn               (no ring)

@: quick
A: very small, claws 1, fangs 3, see invisible, speed 1, shaggy fur 1, stealthy
paws, no weapons or thrown items, no armour, multi-lived
a: no special abilities


You were on level 1 of the Dungeon.
You visited 1 branch of the dungeon, and saw 1 of its levels.

Inventory:

Potions
 a - a potion of magic


   Skills:
 + Level 2.7 Dodging
 + Level 2.7 Stealth
 + Level 2.0 Spellcasting
 + Level 4.0 Necromancy


You had 3 spell levels left.
You knew the following spells:

 Your Spells              Type           Power      Damage    Failure   Level
a - Necrotise             Necr           56%        1d6       4%          1

Your spell library contained the following spells:

 Spells                   Type           Power      Damage    Failure   Level
 Vampiric Draining        Necr           14%        2d7       12%         3
 Animate Dead             Necr           14%        N/A       36%         4
 Agony                    Necr           14%        N/A       73%         5


Dungeon Overview and Level Annotations

Branches:
Dungeon (1/15)

Altars:


Innate Abilities, Weirdness & Mutations

You have sharp claws.
You have razor-sharp teeth.
You have supernaturally acute eyesight. (SInv)
You cover ground quickly. (Speed+)
You are covered in fur. (AC +1)
Your paws help you pounce on unaware monsters.
You are incapable of wielding weapons or throwing items.
You cannot wear armour.
You gain extra lives every three experience levels.


Message History

Press: ? - help, Shift-Dir - straight line, f - goblin
Aim: a goblin, wielding a +1 vampiric dagger (asleep, chance to affect: 84%)
The goblin writhes in agony.
You scratch the goblin.
You kill the goblin!
You see here a +1 vampiric dagger.
You see here a +0 sling.
Press: ? - help, v - describe, . - travel A gravestone.
Found a murky silvery potion.
A hobgoblin comes into view.
The hobgoblin shouts!
You hear a shout!
A kobold comes into view. It is wielding a +0 short sword.
Casting: Necrotise (safe; 4% risk of failure)
Confirm with . or Enter, or press ? or * to list all spells.
Aiming: Necrotise (safe; 4% risk of failure)
Press: ? - help, Shift-Dir - straight line, f - hobgoblin
Aim: a hobgoblin (chance to affect: 84%)
The hobgoblin barely resists.
Casting: Necrotise (safe; 4% risk of failure)
Confirm with . or Enter, or press ? or * to list all spells.
Aiming: Necrotise (safe; 4% risk of failure)
Press: ? - help, Shift-Dir - straight line, f/p - hobgoblin
Aim: a hobgoblin (chance to affect: 84%)
The hobgoblin writhes in agony.
You scratch the hobgoblin but do no damage.
The hobgoblin is heavily wounded.
The hobgoblin hits you.
You scratch the hobgoblin.
The hobgoblin is almost dead.
The hobgoblin hits you.
Ouch! That really hurt!
* * * LOW HITPOINT WARNING * * *
You closely miss the hobgoblin.
The hobgoblin is almost dead.
The hobgoblin misses you.
You scratch the hobgoblin but do no damage.
The hobgoblin is almost dead.
The hobgoblin hits you.
You die...

#.#.....#
#.#.....#
..#..#..#
#!#.....# ...
##...... #...
..... ..... #gK#
..#.. #@.# ##.
.....###..#...
#.........#.# #
............##.#
...............#
............#.##
.....♣..........
......8....##.##
...........##.#


You could see a hobgoblin and a kobold.

Vanquished Creatures
  A goblin (D:1)
1 creature vanquished.

Notes
Turn   | Place    | Note
-------+----------+-------------------------------------------
     0 | D:1      | suuiika the Felid Necromancer began the quest for the Orb.
     0 | D:1      | Reached XP level 1. HP: 7/7 MP: 4/4
    39 | D:1      | Slain by a hobgoblin

Illustrated notes

Levels and vault maps discovered:
D:1:      wander_arrival_lonely_grave, layout_loops_cross,
          shapermc_ecumenical_altar_rom_forum, serial_shops, nicolae_shop_stone

Action                   || total
-------------------------++-------
Melee: Unarmed           ||     5
 Cast: Necrotise         ||     3
Dodge: Dodged            ||     1
